 Dungeon Crawl Stone Soup version 0.19-a0-559-ga3d69d0 (webtiles) character file.

128 tyrsky the Gusty (level 4, -5/33 HPs)
             Began as a Draconian Air Elementalist on June 8, 2016.
             Slain by an orc priest
             ... wielding a +0 club
              (6 damage)
             ... on level 3 of the Dungeon.
             The game lasted 00:06:23 (3063 turns).

tyrsky the Gusty (Draconian Air Elementalist)       Turns: 3063, Time: 00:06:23

Health: -5/33      AC:  6    Str: 15    XL:     4   Next: 87%
Magic:  0/8        EV: 17    Int: 16    God:
Gold:   112        SH:  0    Dex: 17    Spells: 3 memorised, 3 levels left

rFire  + . .     SeeInvis .     (no weapon)
rCold  . . .     Gourm    .     (armour unavailable)
rNeg   . . .     Faith    .     (no shield)
rPois  .         Spirit   .     k - +0 hat
rElec  .         Dismiss  .     (no cloak)
rCorr  .         Reflect  .     f - +0 pair of gloves
SustAt .         Harm     .     (no boots)
MR     .....                    (no amulet)
Stlth  +++.......               (no ring)
                                (no ring)

@: mighty, agile, repel missiles, not resistant to hostile enchantments, fairly
stealthy
A: unfitting armour, horns 1, fire resistance 1, no device heal 1, cold-blooded,
AC +5
a: no special abilities


You were on level 3 of the Dungeon.
You were not hungry.

You visited 1 branch of the dungeon, and saw 3 of its levels.

You collected 112 gold pieces.

Inventory:

Armour
 f - a +0 pair of gloves (worn)
 k - a +0 hat (worn)
Jewellery
 e - an uncursed ring of ice {unknown}
Scrolls
 c - a scroll of remove curse {unknown}
 g - a scroll of enchant weapon {unknown}
 h - 2 scrolls of fear {unknown}
 i - a scroll of recharging {unknown}
 j - a scroll of noise {unknown}
 m - a scroll of random uselessness {unknown}
 n - a scroll of teleportation {unknown}
 o - a scroll of fog {unknown}
Books
 a - a book of Air

   Spells                             Type                      Level
   a - Shock                          Conjuration/Air              1
   b - Swiftness                      Charms/Air                   2
   c - Repel Missiles                 Charms/Air                   2
   d - Static Discharge               Conjuration/Air              3
   e - Lightning Bolt                 Conjuration/Air              5
Comestibles
 b - 3 bread rations
 r - a meat ration


   Skills:
 - Level 1.7 Dodging
 - Level 1.7 Stealth
 + Level 3.0 Spellcasting
 + Level 3.0 Conjurations
 + Level 3.9 Air Magic


You had 3 spell levels left.
You knew the following spells:

 Your Spells              Type           Power        Failure   Level  Hunger
a - Shock                 Conj/Air       ##..         6%          1    #......
b - Repel Missiles        Chrm/Air       #.....       14%         2    ##.....
c - Static Discharge      Conj/Air       ##......     14%         3    ###....


Dungeon Overview and Level Annotations

Branches:
Dungeon (3/15)

Altars:

Annotations:
D:3 aimeelou's ghost, amateur TeAE


Innate Abilities, Weirdness & Mutations

Your plain brown scales are hard. (AC +5)
Your body does not fit into most forms of armour.
You are cold-blooded and may be slowed by cold attacks.
You have a pair of small horns on your head.
Your flesh is heat resistant. (rF+)
Potions and wands are less effective at restoring your health.


Message History

Casting: Shock
Confirm with . or Enter, or press ? or * to list all spells.
You don't have enough magic to cast that spell.
You hit the orc priest but do no damage.
You tail-slap the orc priest, but do no damage.
The orc priest is heavily wounded.
The orc priest invokes the aid of Beogh against you.
Beogh smites you!
* * * LOW HITPOINT WARNING * * *
It was a potion of agility.
You feel agile all of a sudden. The orc priest closely misses you.
It was a potion of might.
You feel very mighty all of a sudden. The orc priest barely misses you.
It was a potion of mutation.
You feel extremely strange. A pair of horns grows on your head!
You feel resistant to heat.
Your system partially rejects artificial healing.
The orc priest hits you with a club.
You die...

#. # #.# '# #.#
.o. #.### ....
# #.#.## )....
##
#....####......
.####.
#....†doo......
.'....
#†...####......
####. #.#.##
..... ## #.###
.... ## ##.#
... #. #..# '#
#. #.## #.# #.
#)# #.########.
#.# ###
##.##.......


You could see an orc priest and an orc.

Vanquished Creatures
  5 adders
  An ooze (D:3)
  2 worms
  A dart slug (D:1)
  5 giant geckos
  5 orcs (D:3)
  3 giant cockroaches (D:1)
  5 goblins
  7 hobgoblins
  6 jackals
  5 kobolds
  A quokka (D:2)
  3 bats
  3 giant newts (D:1)
  7 rats
59 creatures vanquished.

Notes
Turn   | Place    | Note
--------------------------------------------------------------
     0 | D:1      | tyrsky the Draconian Air Elementalist began the quest for the Orb.
     0 | D:1      | Reached XP level 1. HP: 14/14 MP: 3/3
   306 | D:1      | Reached XP level 2. HP: 20/20 MP: 0/5
  1226 | D:1      | Reached XP level 3. HP: 26/26 MP: 2/6
  1410 | D:2      | Learned a level 2 spell: Repel Missiles
  1414 | D:2      | Learned a level 3 spell: Static Discharge
  2062 | D:2      | Reached XP level 4. HP: 33/33 MP: 1/8
  2677 | D:3      | Noticed aimeelou's ghost (amateur TeAE)
  3060 | D:3      | HP: 1/33 [orc priest/divine providence (15)]
  3063 | D:3      | Gained mutation: You have a pair of small horns on your head. [potion of mutation]
  3063 | D:3      | Gained mutation: Your flesh is heat resistant. (rF+) [potion of mutation]
  3063 | D:3      | Gained mutation: Potions and wands are less effective at restoring your health. [potion of mutation]
  3063 | D:3      | Slain by an orc priest

Vault maps used:
D:1:      minmay_arrival_solitary_statue
D:2:      first_bread, lemuel_blue_sif_altar
D:3:      bloody_makhleb

Skill      XL: |  1  2  3  4 |
---------------+-------------+-----
Conjurations   | 2 3 |  3.0
Spellcasting   | 3 |  3.0
Dodging        | |  1.7
Stealth        | |  1.7
Air Magic      | |  3.9

Action                   |  1- 3 |  4- 6 || total
-------------------------+-------+-------++-------
Melee: Unarmed           |    32 |    14 ||    46
       Tailslap          |     6 |     2 ||     8
 Cast: Shock             |    88 |    65 ||   153
       Repel Missiles    |     1 |     1 ||     2
       Static Discharge  |     1 |     1 ||     2
  Use: Potion            |       |     5 ||     5
  Eat: Chunk             |     5 |     3 ||     8
Armor: Skin              |    17 |     4 ||    21
Dodge: Dodged            |    26 |    12 ||    38
       Deflected         |     1 |       ||     1
